 Dungeon Crawl Stone Soup version 0.19-a0-27-g415f530 (webtiles) character file.

1933 epen the Grappler (level 9, -6/74 HPs)
             Began as a Ghoul Monk on May 1, 2016.
             Mangled by Sl000nik's ghost (34 damage)
             ... on level 7 of the Dungeon.
             The game lasted 00:11:26 (4846 turns).

epen the Grappler (Ghoul Monk)                      Turns: 4846, Time: 00:11:27

Health: -6/74      AC:  3    Str: 20    XL:     9   Next: 17%
Magic:  9/9        EV: 22    Int:  5    God:
Gold:   432        SH:  0    Dex: 21    Spells: 0 memorised, 10 levels left

rFire  . . .     SeeInvis .       - Unarmed
rCold  + . .     Gourm    .     C - +1 robe
rNeg   + + +     Faith    .     (no shield)
rPois  ∞         Spirit   .     (no helmet)
rElec  .         Dismiss  .     (no cloak)
rCorr  .         Reflect  .     (no gloves)
SustAt .         Harm     .     (no boots)
MR     .....                    d - amulet of regeneration
Stlth  ++++......               m - +5 ring of strength
                                c - +2 ring of dexterity

@: agile, very slightly contaminated, rotting, hasted, very quick, not resistant
to hostile enchantments, stealthy
A: rotting body, claws 1, carnivore 3, cold resistance 1, negative energy
resistance 3, slow regeneration 1, torment resistance, unbreathing
a: no special abilities


You were on level 7 of the Dungeon.
You were not hungry.

You visited 1 branch of the dungeon, and saw 7 of its levels.
You also visited: Sewer.

You collected 432 gold pieces.

Inventory:

Missiles
 G - 8 curare-tipped needles
Armour
 C - a +1 robe (worn)
Jewellery
 c - a +2 ring of dexterity (left claw)
 d - an amulet of regeneration (around neck)
 m - a +5 ring of strength (right claw)
 n - an uncursed ring of sustain attributes
 A - an uncursed amulet of magic regeneration
 D - a +3 ring of intelligence {unknown}
Wands
 i - a wand of random effects (12/48)
 w - a wand of random effects (21/48)
 y - a wand of heal wounds (0/9)
 B - a wand of lightning (6/15)
Scrolls
 e - a scroll of amnesia
 f - 3 scrolls of teleportation
 j - 2 scrolls of random uselessness
 v - 2 scrolls of remove curse
Potions
 h - a potion of degeneration {unknown}
 k - 3 potions of haste
 o - 2 potions of flight
 p - 5 potions of curing
 q - 2 potions of might
 r - a potion of resistance
 s - a potion of heal wounds
 u - a potion of beneficial mutation {unknown}
 z - 2 potions of berserk rage
Books
 a - a book of Power

   Spells                             Type                      Level
   a - Fulminant Prism                Conjuration/Hexes            4
   b - Iskenderun's Mystic Blast      Conjuration                  4
   c - Venom Bolt                     Conjuration/Poison           5
   d - Bolt of Magma                  Conjuration/Fire/Earth       5
   e - Iron Shot                      Conjuration/Earth            6
   f - Orb of Destruction             Conjuration                  7
   g - Spellforged Servitor           Conjuration/Summoning        7
 E - the Incunabulum of Frigorific Summoning
   (You found it on level 6 of the Dungeon)

   Spells                             Type                      Level
   a - Freeze                         Ice                          1
   b - Summon Small Mammal            Summoning                    1
   c - Ensorcelled Hibernation        Hexes/Ice                    2
   d - Call Imp                       Summoning                    2
   e - Spellforged Servitor           Conjuration/Summoning        7
   f - Summon Hydra                   Summoning                    7
Comestibles
 b - 5 meat rations
 g - a beef jerky
 t - a slice of pizza
 x - 2 royal jellies
 F - 5 chunks of flesh


   Skills:
 + Level 5.5 Fighting
 + Level 3.4 Armour
 * Level 6.1 Dodging
 + Level 5.7 Stealth
 * Level 8.4 Unarmed Combat
 + Level 1.2 Spellcasting


You had 10 spell levels left.
You didn't know any spells.

Dungeon Overview and Level Annotations

Branches:
Dungeon (7/15)             Temple (0/1) D:7

Altars:
Ashenzari
Elyvilon
Kikubaaqudgha
Makhleb
Nemelex Xobeh
Pakellas
Qazlal
Ru
Vehumet
Yredelemnul

Shops:
D:4 %(

Annotations:
D:7 Sl000nik's ghost, novice OgBe


Innate Abilities, Weirdness & Mutations

Your body is rotting away.
You thrive on raw meat.
You are immune to poison.
You have sharp fingernails.
You are carnivorous and can eat meat at any time.
Your flesh is cold resistant.
You are immune to negative energy.
You regenerate slowly when monsters are visible.
You are immune to unholy pain and torment.
You can survive without breathing.


Message History

Sl000nik's ghost is moderately damaged.
Sl000nik's ghost hits you!!!
Ouch! That really hurt!
* * * LOW HITPOINT WARNING * * *
You hear a shout!
You are too injured to fight recklessly!
You are too injured to fight recklessly!
You are too injured to fight recklessly!
You are too injured to fight recklessly!
You are too injured to fight recklessly!
Things that are here:
a club; a whip Eat one of 7 chunks of flesh? (ye/n/q/i?) This raw flesh tastes great!
You continue eating. x2
Eat one of 6 chunks of flesh? (ye/n/q/i?) This raw flesh tastes great!
You continue eating. x2
Sl000nik's ghost hits you!!
You die...

...## #.... ###########
##### #......W@.# # ###
#.#######.# .. ..# #.#
#.# ..♣♣♣.# #W# #.#
########### ≈≈≈≈♣.# #.#
####.# #.........#
..♣≈♣.# #.# ##....#
#.#######.#
...≈..###.###..#..# #.#
#.#
...≈..W.......###.###.#
#†#
...≈(.)....##..#......#
#.#


You could see Sl000nik's ghost.

Vanquished Creatures
  Sigmund (D:2)
  Duvessa (D:5)
  2 sky beasts
  An ogre (D:5)
  2 centaurs (D:6)
  A big kobold (Sewer)
  4 giant frogs
  Dowan (D:5)
  A scorpion (D:6)
  4 crimson imps
  A giant frog zombie (D:6)
  3 hounds
  3 orc priests
  2 jellies (D:5)
  4 orc wizards
  2 iguanas (D:4)
  A worker ant (D:5)
  3 adders
  2 gnolls (D:7)
  A river rat (D:5)
  A shadow imp (D:6)
  An ooze (D:3)
  An adder skeleton (D:5)
  5 worms
  A dart slug (D:1)
  3 giant geckos
  17 orcs
  5 ball pythons
  4 giant cockroaches
  12 goblins
  10 hobgoblins
  7 jackals
  8 kobolds
  4 quokkas
  6 bats (D:1)
  A giant gecko zombie (D:6)
  3 giant newts
  A jackal skeleton (D:6)
  16 rats
146 creatures vanquished.

Vanquished Creatures (others)
  A worker ant (D:6)
1 creature vanquished.

Grand Total: 147 creatures vanquished

Notes
Turn   | Place    | Note
--------------------------------------------------------------
     0 | D:1      | epen the Ghoul Monk began the quest for the Orb.
     0 | D:1      | Reached XP level 1. HP: 19/19 MP: 0/0
   192 | D:1      | Reached XP level 2. HP: 21/26 MP: 1/1
   561 | D:1      | Reached XP level 3. HP: 29/31 MP: 2/2
   775 | D:1      | Reached skill level 5 in Unarmed Combat
   964 | D:2      | Noticed Sigmund
   986 | D:2      | Killed Sigmund
   986 | D:2      | Reached skill level 1 in Armour
   986 | D:2      | Reached XP level 4. HP: 14/39 MP: 3/3
   986 | D:2      | Reached XP level 5. HP: 16/45 MP: 4/4
  1115 | D:2      | Found a sparkling altar of Nemelex Xobeh.
  1125 | D:2      | Found a burning altar of Makhleb.
  1128 | D:2      | Found an oddly glowing altar of Pakellas.
  1131 | D:2      | Found a radiant altar of Vehumet.
  1213 | D:2      | Found a stormy altar of Qazlal.
  1244 | D:2      | Found a white marble altar of Elyvilon.
  1743 | D:3      | Reached XP level 6. HP: 49/52 MP: 5/5
  1879 | D:3      | Found a stormy altar of Qazlal.
  2120 | D:4      | Found Hasih's Weapon Shop.
  2260 | D:4      | Reached skill level 6 in Unarmed Combat
  2317 | D:4      | Found Koihuaha's Food Shop.
  2351 | D:4      | Reached XP level 7. HP: 51/60 MP: 6/6
  2769 | D:5      | Entered Level 5 of the Dungeon
  2782 | D:5      | Found a glowing drain.
  2835 | Sewer    | Entered a sewer
  3005 | Sewer    | Found a glowing silver altar of Zin.
  3305 | D:5      | Found a sacrificial altar of Ru.
  3306 | D:5      | Found a shattered altar of Ashenzari.
  3306 | D:5      | Found a basalt altar of Yredelemnul.
  3333 | D:5      | Found an ancient bone altar of Kikubaaqudgha.
  3508 | D:5      | Reached skill level 5 in Dodging
  3508 | D:5      | Reached XP level 8. HP: 45/66 MP: 7/7
  3536 | D:5      | Noticed Dowan
  3537 | D:5      | Noticed Duvessa
  3557 | D:5      | Killed Duvessa
  3557 | D:5      | Reached skill level 5 in Stealth
  3557 | D:5      | Reached skill level 7 in Unarmed Combat
  3565 | D:5      | Killed Dowan
  3565 | D:5      | Reached skill level 5 in Fighting
  4313 | D:6      | Reached skill level 8 in Unarmed Combat
  4313 | D:6      | Reached skill level 1 in Spellcasting
  4313 | D:6      | Reached XP level 9. HP: 15/74 MP: 9/9
  4425 | D:6      | Identified the Incunabulum of Frigorific Summoning
  4804 | D:7      | Found a staircase to the Ecumenical Temple.
  4807 | D:7      | Noticed Sl000nik's ghost (novice OgBe)
  4846 | D:7      | Mangled by Sl000nik's ghost

Vault maps used:
D:1:      lemuel_arrival_river_ford
D:2:      grunt_temple_overflow_cloverleaf, old_standard_altar,
          hangedman_decor_points, grunt_qazlal_clouds, uniq_sigmund
D:3:      nicolae_overflow_hidden_temple, first_bread,
          kennysheep_generic_room_14
D:4:      serial_shops, shop, nicolae_shop_stone
D:5:      nicolae_overflow_quartered_altars, portal_sewer_entry_b, uniq_duvessa
D:7:      minmay_temple_entry_water_ring, serial_shops, kennysheep_mini
Sewer:    sewer_kobolds

Skill      XL: |  1  2  3  4  5  6  7  8  9 |
---------------+----------------------------+-----
Unarmed Combat | 5 6 8 |  8.4
Fighting       | 4 5 |  5.5
Armour         | 1 2 3 |  3.4
Dodging        | 3 4 5 6 |  6.1
Stealth        | 3 4 5 |  5.7
Spellcasting   | 1 |  1.2

Action                   |  1- 3 |  4- 6 |  7- 9 || total
-------------------------+-------+-------+-------++-------
Melee: Unarmed           |    80 |   108 |   345 ||   533
       Punch             |     2 |     3 |     4 ||     9
Evoke: Wand              |       |       |     2 ||     2
  Use: Scroll            |       |       |    15 ||    15
       Potion            |       |       |     4 ||     4
 Stab: Sleeping          |     1 |     7 |     8 ||    16
  Eat: Chunk             |     2 |     7 |    24 ||    33
Armor: Robe              |    14 |    12 |    29 ||    55
Dodge: Dodged            |    37 |    63 |   243 ||   343
